 Dungeon Crawl Stone Soup version bcrawl-1.34.5 (webtiles) character file.

Game seed: 16716593927387219209

300172 Corvi the Transmogrifier (level 10, -3/132 HPs)
             Began as a Naga Transmuter on Nov 9, 2021.
             Was a Believer of Wu Jian.
             Slain by a freezing wraith (6 damage)
             ... on level 7 of the Dungeon.
             The game lasted 00:17:43 (7942 turns).

Corvi the Transmogrifier (Naga Transmuter)          Turns: 7942, Time: 00:17:43

Health: -3/132     AC: 11    Str: 22    XL:     10   Next: 38%
Magic:  13/13      EV: 10    Int: 17    God:    Wu Jian [**....]
Gold:   709        SH:  0    Dex: 11    Spells: 3/13 levels left

rFire    . . .     SeeInvis +     - Fists (11.3)
rCold    + . .     Gourm    .   (no shield)
rNeg     . . .     Faith    .   p - +4 ring mail {rC+}
rPois    +         Spirit   .   g - +0 helmet
rElec    .         Reflect  .   (no cloak)
rCorr    +         Harm     .   (no gloves)
MR       +....                  (no barding)
Stlth    ..........             (no amulet)
HPRegen  0.32/turn              s - ring of False Pretenses {rCorr Str+4}
MPRegen  0.13/turn              (no ring)

@: berserking, slowed, very slow
A: large, see invisible, deformed body, poison resistance, slowness 2, slow
metabolism 1, spit poison 1, AC +3
a: Spit Poison, Wall Jump, Serpent's Lash, Renounce Religion


You were on level 7 of the Dungeon.
You worshipped Wu Jian.
Wu Jian was pleased with you.
You were hungry.

You visited 2 branches of the dungeon, and saw 8 of its levels.

You collected 709 gold pieces.

Inventory:

Missiles
 a - 1266 arrows
 F - 47 exploding tomahawks (quivered)
Armour
 g - a +0 helmet (worn)
 p - a +4 ring mail of cold resistance (worn)
Jewellery
 s - the ring of False Pretenses (left hand) {rCorr Str+4}
   (You found it on level 4 of the Dungeon)

   [ring of resist corrosion]

   It affects your strength (+4).
   It provides partial protection from all sources of acid and corrosion.
Wands
 w - a wand of digging (8)
 A - a wand of enslavement (11)
Scrolls
 f - a scroll of fear {unknown}
 i - 2 scrolls of identify
 m - a scroll of fog {unknown}
 n - 2 scrolls of remove curse
 o - a scroll of enchant weapon {unknown}
 q - 2 scrolls of teleportation
 u - 2 scrolls of enchant armour
 x - a scroll of amnesia
 y - 3 scrolls of immolation
 D - 2 scrolls of blinking
Potions
 b - 2 potions of ambrosia {unknown}
 c - 2 potions of heal wounds
 d - 4 potions of agility
 h - a potion of haste {unknown}
 j - 2 potions of berserk rage
 k - 5 potions of curing
 l - 3 potions of might {unknown}
 r - 2 potions of flight {unknown}
 t - a potion of mutation {unknown}
 z - a potion of resistance {unknown}
 B - a potion of lignification
 C - a potion of cancellation {unknown}
 E - a potion of degeneration {unknown}
Comestibles
 e - 9 rations {!d}
 v - a chunk of flesh


   Skills:
 + Level 5.0 Fighting
 - Level 3.0 Armour
 - Level 5.0 Dodging
 - Level 4.0 Stealth
 + Level 4.9 Unarmed Combat
 - Level 2.0 Spellcasting
 * Level 10.6 Transmutations
 + Level 3.6 Evocations


You had 3 spell levels left.
You knew the following spells:

 Your Spells              Type           Power        Failure   Level  Hunger
b - Sticks to Snakes      Tmut           #####...     1%          2    ##.....
c - Spider Form           Tmut/Pois      ###          11%         3    ####...
d - Blade Hands           Tmut           #####.....   11%         5    #######

Your spell library contained the following spells:

 Spells                   Type           Power        Failure   Level  Hunger
 Beastly Appendage        Tmut           #####.       1%          1    None
 Passwall                 Tmut/Erth      ###.....     5%          2    ##.....
 Animate Skeleton         Necr           N/A          30%         1    None
 Pain                     Necr           #.....       30%         1    None
 Vampiric Draining        Necr           #.........   65%         3    ####...
 Ice Form                 Ice/Tmut       ###.....     34%         4    ######.
 Agony                    Necr           #.......     96%         4    ######.
 Animate Dead             Necr           N/A          96%         4    ######.
 Dispel Undead            Necr           #.......     100%        5    #######


Dungeon Overview and Level Annotations

Branches:
Dungeon (7/12)             Temple (1/1) D:4
   Lair: D:7-9

Altars:
Ashenzari
Cheibriados
Dithmenos
Elyvilon
Fedhas
Gozag
Kikubaaqudgha
Lugonu
Makhleb
Nemelex Xobeh
Okawaru
Qazlal
Ru
Sif Muna
Trog
Uskayaw
Vehumet
Wu Jian
Xom
Yredelemnul
Zin
The Shining One

Shops:
D:4 *   D:5 (   D:6 [   D:7 [


Innate Abilities, Weirdness & Mutations

You cannot wear boots.
Your serpentine skin is tough. (AC +3)
You have supernaturally acute eyesight. (SInv)
Armour fits poorly on your strangely shaped body.
Your system is resistant to poisons. (rPois)
You cover ground very slowly.
You have a slow metabolism.
You can spit poison.


Message History

The freezing wraith freezes you. You resist.
* * * LOW HITPOINT WARNING * * *
The freezing wraith closely misses you.
You punch the freezing wraith!
The freezing wraith is severely damaged.
You barely miss the freezing wraith.
The freezing wraith is severely damaged.
The freezing wraith hits you!
* * * LOW HITPOINT WARNING * * *
The freezing wraith freezes you! You resist.
* * * LOW HITPOINT WARNING * * *
The freezing wraith hits you.
* * * LOW HITPOINT WARNING * * *
The freezing wraith drains your vigour!
You feel yourself slow down.
You hit the freezing wraith but do no damage.
You punch the freezing wraith, but do no damage.
The freezing wraith is severely damaged.
You are too berserk!
The freezing wraith barely misses you. The freezing wraith hits you.
You die...

#.##.................
#....##.......#####.#
#.#####.......# #.# ########
#.......### #.# ########....#####
#.........# #.# .....##.####.#!$#
#)........# #.# .....##.#
#.#%$###.........###+# .....##.#
#.###W.#..............
.....##.####.###@.#..............
.....###..#รท##..#######..........
...(.# #..#.##..### #..........
.....####'#.####..# #..........
.....'....#.####..#####..........
####.#.88.##....###...'..........
##.#.#.88.####### #.###..........
##..<#....# #.# ######.)...
########### #.# ####'#


You could see a freezing wraith.

Vanquished Creatures
  A centaur warrior (D:7)
  2 trolls
  A hippogriff (D:7)
  Eustachio (D:4)
  Menkaure (D:4)
  Edmund (D:4)
  2 water moccasins (D:4)
  An eye of draining (D:5)
  3 sky beasts
  6 ogres
  A centaur (D:4)
  4 bullfrogs
  2 big kobolds (D:6)
  A scorpion (D:5)
  A wight (D:5)
  3 howler monkeys (D:6)
  An orc priest (D:3)
  7 crimson imps
  A bullfrog zombie (D:4)
  A hound (D:4)
  2 bullfrog skeletons
  2 iguanas
  Ijyb (D:3)
  Natasha (D:3)
  An orc wizard (D:3)
  7 worker ants
  Robin (D:3)
  A gnoll (D:3)
  12 adders
  A shadow imp (D:5)
  An adder skeleton (D:6)
  2 adder zombies
  4 worms
  9 leopard geckos
  7 orcs
  16 goblins
  12 hobgoblins
  7 jackals
  17 kobolds
  2 quokkas
  A bat (D:3)
  4 frilled lizards
  4 rats
156 creatures vanquished.

Vanquished Creatures (collateral kills)
  An ice beast (D:5)
  A jackal (D:3)
2 creatures vanquished.

Vanquished Creatures (others)
  3 toadstools (D:5)
3 creatures vanquished.

Grand Total: 161 creatures vanquished

Notes
Turn   | Place    | Note
-------+----------+-------------------------------------------
     0 | D:1      | Corvi the Naga Transmuter began the quest for the Orb.
     0 | D:1      | Reached XP level 1. HP: 18/18 MP: 3/3
   200 | D:1      | Reached skill level 1 in Stealth
   207 | D:1      | Reached XP level 2. HP: 19/25 MP: 5/5
   210 | D:1      | Learned a level 2 spell: Sticks to Snakes
   480 | D:1      | Reached XP level 3. HP: 16/31 MP: 6/6
   552 | D:1      | Learned a level 3 spell: Spider Form
   942 | D:2      | Reached skill level 3 in Transmutations
  2179 | D:3      | Noticed an ogre
  2184 | D:3      | Killed an ogre
  2185 | D:3      | Reached skill level 1 in Armour
  2185 | D:3      | Reached skill level 4 in Transmutations
  2185 | D:3      | Reached XP level 4. HP: 11/38 MP: 0/7
  2185 | D:3      | Reached XP level 5. HP: 13/44 MP: 0/8
  2615 | D:3      | Noticed Robin
  2683 | D:3      | HP: 1/44 [hobgoblin[Robin] (5)]
  2687 | D:3      | Killed Robin
  2848 | D:3      | Reached skill level 5 in Transmutations
  2848 | D:3      | Reached XP level 6. HP: 19/51 MP: 6/9
  2977 | D:3      | Noticed Ijyb
  3013 | D:3      | Paralysed by you for 4 turns
  3024 | D:3      | Killed Ijyb
  3300 | D:3      | Noticed Natasha
  3303 | D:3      | Noticed Grinder
  3305 | D:3      | Killed Natasha
  3327 | D:3      | Noticed Grinder
  3327 | D:3      | Grinder changed into Grinder the crimson imp
  3341 | D:3      | Killed Grinder the crimson imp
  3705 | D:4      | Noticed a sky beast
  3724 | D:4      | Killed a sky beast
  3725 | D:4      | Reached XP level 7. HP: 39/58 MP: 7/10
  3798 | D:4      | Found a staircase to the Ecumenical Temple.
  3821 | Temple   | Entered the Ecumenical Temple
  3911 | Temple   | Became a worshipper of the Wu Jian Council
  4081 | D:4      | Reached skill level 6 in Transmutations
  4236 | D:4      | Got a scorched lapis lazuli ring
  4242 | D:4      | Identified the ring of False Pretenses {rCorr Str+4} (You
                  | found it on level 4 of the Dungeon)
  4328 | D:4      | Noticed Menkaure
  4339 | D:4      | Killed Menkaure
  4340 | D:4      | Reached XP level 8. HP: 60/68 MP: 8/11
  4346 | D:4      | Learned a level 5 spell: Blade Hands
  4404 | D:4      | Reached skill level 7 in Transmutations
  4482 | D:4      | Noticed Eustachio
  4504 | D:4      | Killed Eustachio
  4509 | D:4      | Reached * piety under Wu Jian
  4523 | D:4      | Reached skill level 8 in Transmutations
  4664 | D:4      | Noticed Edmund
  4670 | D:4      | Killed Edmund
  4714 | D:4      | Reached XP level 9. HP: 69/75 MP: 12/12
  4807 | D:4      | Found Witsy's Serpentskin Sales.
  4962 | D:5      | Entered Level 5 of the Dungeon
  4985 | D:5      | Reached skill level 9 in Transmutations
  5340 | D:5      | Found a sparkling altar of Nemelex Xobeh.
  5366 | D:5      | Found Woshruuni's Antique Weapon Boutique.
  5495 | D:5      | Reached skill level 1 in Evocations
  5617 | D:5      | Found a shimmering blue altar of Sif Muna.
  5934 | D:6      | Found a sparkling altar of Nemelex Xobeh.
  5960 | D:6      | Noticed a troll
  5966 | D:6      | Killed a troll
  6154 | D:6      | Found Qity's Antique Armour Shoppe.
  6328 | D:6      | Reached ** piety under Wu Jian
  6953 | D:7      | Found Daheal Caced's Armour Shoppe.
  7092 | D:7      | Reached skill level 5 in Dodging
  7092 | D:7      | Noticed a troll
  7093 | D:7      | Noticed a centaur warrior
  7097 | D:7      | Killed a troll
  7098 | D:7      | Reached skill level 10 in Transmutations
  7098 | D:7      | Reached XP level 10. HP: 56/87 MP: 8/13
  7100 | D:7      | Killed a centaur warrior
  7905 | D:7      | Reached skill level 5 in Fighting
  7940 | D:7      | HP: 3/132 [freezing wraith (6)]
  7942 | D:7      | Slain by a freezing wraith

Skill      XL: |  1  2  3  4  5  6  7  8  9 10 |
---------------+-------------------------------+-----
Stealth        | 1 2 3 4 |  4.0
Dodging        | 2 4 5 |  5.0
Transmutations | 4 5 6 8 10 | 10.6
Armour         | 1 2 3 |  3.0
Fighting       | 2 3 4 5 |  5.0
Evocations     | 2 3 |  3.6
Unarmed Combat | 4 |  4.9
Spellcasting   | |  2.0

Action                   |  1- 3 |  4- 6 |  7- 9 | 10-12 || total
-------------------------+-------+-------+-------+-------++-------
Melee: Unarmed           |    70 |   155 |   378 |    64 ||   667
       Punch             |     1 |     1 |     5 |     3 ||    10
 Cast: Beastly Appendage |     2 |       |       |       ||     2
       Spider Form       |     2 |     7 |    11 |       ||    20
       Sticks to Snakes  |       |     2 |     2 |       ||     4
       Blade Hands       |       |       |    10 |     3 ||    13
Invok: Lunge             |       |       |    20 |     2 ||    22
       Whirlwind         |       |       |    98 |     8 ||   106
 Abil: Spit Poison       |    23 |    14 |     3 |       ||    40
Evoke: Wand              |       |     1 |       |       ||     1
  Use: Potion            |     1 |     3 |     2 |     2 ||     8
       Scroll            |       |     1 |     8 |       ||     9
 Stab: Confused          |       |     3 |       |       ||     3
  Eat: Chunk             |     6 |    10 |    23 |     2 ||    41
       Ration            |       |       |     2 |     1 ||     3
Armor: Robe              |     5 |    28 |       |       ||    33
       Skin              |       |    83 |     6 |       ||    89
       Ring mail         |       |     4 |   102 |    24 ||   130
Dodge: Dodged            |    31 |    89 |   203 |    23 ||   346
